 Dungeon Crawl Stone Soup version 0.27-a0-819-g058290f16d (console) character file.

Game seed: 18019713528146523581

635 jejorda2 the Spear-Bearer (level 7, -12/84 HPs)
             Began as a Merfolk Berserker on Mar 29, 2021.
             Was a Priest of Trog.
             Mangled by an ogre
             ... wielding a +0 giant club
              (23 damage)
             ... on level 5 of the Dungeon.
             The game lasted 00:07:11 (4503 turns).

jejorda2 the Spear-Bearer (Merfolk Berserker)       Turns: 4503, Time: 00:07:12

Health: -12/84     AC: 11    Str: 19    XL:     7   Next: 50%
Magic:  7/7        EV:  7    Int:  6    God:    Trog [***...]
Gold:   209        SH:  0    Dex: 14    Spells: 6/6 levels left

rFire    . . .     SeeInvis +   a - +0 trident
rCold    . . .     Faith    .   (no shield)
rNeg     . . .     Spirit   .   n - +0 plate armour
rPois    .         Reflect  .   (no helmet)
rElec    .         Harm     .   (no cloak)
rCorr    .         Rampage  .   (no gloves)
Will     .....                  (no boots)
Stlth    ..........             (no amulet)
HPRegen  0.24/turn              p - ring of see invisible
MPRegen  0.10/turn              (no ring)

@: berserking, studying Armour, very quick
A: (nimble swimmer 2), mertail
a: Renounce Religion, Berserk, Trog's Hand


You were on level 5 of the Dungeon.
You worshipped Trog.
Trog was most pleased with you.
You visited 1 branch of the dungeon, and saw 5 of its levels.

You collected 209 gold pieces.

Inventory:

Hand Weapons
 a - a +0 trident (weapon)
Missiles
 h - 12 poisoned darts (quivered)
 j - 5 silver javelins
Armour
 n - a +0 plate armour (worn)
Jewellery
 p - a ring of see invisible (left hand)
Wands
 i - a wand of random effects (11)
Scrolls
 c - 5 scrolls of identify {unknown}
 e - 2 scrolls of vulnerability {unknown}
 g - a scroll of fog {unknown}
 k - a scroll of torment {unknown}
Potions
 d - 2 potions of curing {unknown}
 f - 4 potions of invisibility {unknown}
 l - a potion of attraction {unknown}
 m - a potion of berserk rage {unknown}
 o - a potion of flight {unknown}


   Skills:
 + Level 5.0 Fighting
 * Level 8.5 Polearms
 + Level 3.1 Armour
 + Level 5.2 Dodging


You had 6 spell levels left.
You didn't know any spells.
Your spell library was empty.

Dungeon Overview and Level Annotations

Branches:
Dungeon (5/15)
 Temple: D:4-7

Altars:
Dithmenos
Hepliaklqana
Qazlal
Sif Muna
Wu Jian


Innate Abilities, Weirdness & Mutations

((You are quick and stealthy near water. (Stealth+, EV+, Speed+++)))
Your lower body shifts to a powerful aquatic tail in water.


Message History

The ice beast is heavily wounded.
The ice beast hits you but does no damage.
You puncture the ice beast!
The ice beast is severely wounded.
You closely miss the ice beast.
The ice beast is severely wounded.
The ice beast hits you. The ice beast freezes you!
You hit the ice beast.
The ice beast is almost dead.
The ice beast hits you but does no damage.
You puncture the ice beast!
You kill the ice beast!
Trog accepts your kill.
Your Fighting skill increases to level 5!
Your Armour skill increases to level 3!
No target in view!
No target in view!
An ogre comes into view. It is wielding a +0 giant club.
The ogre shouts!
You reach to attack!
You hit the ogre.
The ogre is lightly wounded.
You hit the ogre.
The ogre is moderately wounded.
The ogre barely misses you.
You hit the ogre.
The ogre is moderately wounded.
The ogre hits you with a +0 giant club!
You are too injured to fight recklessly!
You are too injured to fight recklessly!
You are too injured to fight recklessly!
You are too injured to fight recklessly!
You are too injured to fight recklessly!
A red film seems to cover your vision as you go berserk!
You feel yourself moving faster!
You feel mighty!
The ogre hits you with a +0 giant club!!
* * * LOW HITPOINT WARNING * * *
You hit the ogre.
The ogre is heavily wounded.
The ogre hits you with a +0 giant club!!
You die...

##.......##
..........###
....####....###
.## ##......#
#.....###
##.##### ##..#
##..## #@.##
#.O## ...##
#..# ##. #. #


You could see an ogre.

Vanquished Creatures
  The ghost of gregwegmann the Slasher, an amateur HuFi of Ru (D:3)
  2 ice beasts
  A phantom (D:4)
  A hound (D:4)
  2 orc priests (D:5)
  An iguana (D:5)
  5 adders
  A worm (D:4)
  3 dart slugs
  2 orcs
  6 ball pythons
  6 bats
  6 endoplasms
  4 giant cockroaches
  5 goblins
  8 hobgoblins
  11 jackals
  6 quokkas
  5 frilled lizards
  8 kobolds
  6 rats
90 creatures vanquished.

Notes
Turn   | Place    | Note
-------+----------+-------------------------------------------
     0 | D:1      | jejorda2 the Merfolk Berserker began the quest for the Orb.
     0 | D:1      | Reached XP level 1. HP: 18/18 MP: 1/1
   224 | D:1      | Reached XP level 2. HP: 18/24 MP: 2/2
   382 | D:1      | Reached skill level 5 in Polearms
   468 | D:1      | Reached ** piety under Trog
   502 | D:1      | Reached XP level 3. HP: 29/29 MP: 3/3
  1087 | D:2      | You fall into a shaft and drop 2 floors!
  1128 | D:4      | Found a shadowy altar of Dithmenos.
  1486 | D:4      | Reached XP level 4. HP: 22/37 MP: 4/4
  1682 | D:3      | Found a runed translucent door.
  1682 | D:3      | Noticed gregwegmann's ghost (amateur HuFi)
  1784 | D:3      | Found an ornate altar of the Wu Jian Council.
  2033 | D:2      | Reached skill level 6 in Polearms
  2206 | D:2      | Found a shimmering blue altar of Sif Muna.
  2227 | D:2      | Found a stormy altar of Qazlal.
  2390 | D:2      | Noticed an ice beast
  2396 | D:2      | Killed an ice beast
  2397 | D:2      | Reached XP level 5. HP: 42/42 MP: 5/5
  2998 | D:3      | Killed gregwegmann's ghost
  2999 | D:3      | Reached skill level 7 in Polearms
  2999 | D:3      | Reached XP level 6. HP: 47/49 MP: 6/6
  3297 | D:4      | Found a shadowy altar of Dithmenos.
  3297 | D:4      | Found a hazy altar of Hepliaklqana.
  3300 | D:4      | Noticed a shadow
  3929 | D:4      | Reached *** piety under Trog
  3941 | D:4      | Reached XP level 7. HP: 31/53 MP: 7/7
  4187 | D:5      | Entered Level 5 of the Dungeon
  4188 | D:5      | Identified a scroll of acquirement
  4188 | D:5      | Acquired a manual of Armour
  4342 | D:5      | Reached skill level 8 in Polearms
  4439 | D:5      | Reached skill level 5 in Dodging
  4494 | D:5      | Reached skill level 5 in Fighting
  4503 | D:5      | Mangled by an ogre

Illustrated notes

Levels and vault maps discovered:
D:1:      wander_arrival_chamber, layout_basic
D:2:      layout_rooms, nicolae_sif_muna_condensation, marbit_many_paths
D:3:      layout_basic, nicolae_wu_jian_wuxing_cycle,
          hellmonk_ghost_happy_afterlife
D:4:      minmay_wonky_spiral, layout_layer_cave,
          riverfiend_overflow_shadow_ancestor, nicolae_dithmenos_shadow_blocks
D:5:      layout_layer_cave, fedhas_altar_fruit_tree,
          makhleb_blood_cavern_becter, kennysheep_little_box, basic_altar

Skill      XL: |  1  2  3  4  5  6  7 |
---------------+----------------------+-----
Dodging        | 3 4 5 |  5.2
Polearms       | 5 6 7 8 |  8.5
Armour         | 2 3 |  3.1
Fighting       | 4 5 |  5.0

Action                   |  1- 3 |  4- 6 |  7- 9 || total
-------------------------+-------+-------+-------++-------
Melee: Spear             |   120 |    25 |       ||   145
       Trident           |       |   140 |    35 ||   175
Invok: Berserk           |     1 |     2 |     1 ||     4
       Trog's Hand       |       |       |     1 ||     1
  Use: Scroll            |       |       |     1 ||     1
 Stab: Sleeping          |     3 |     1 |       ||     4
Armor: Animal skin       |    11 |       |       ||    11
       Ring mail         |       |     8 |       ||     8
       Leather armour    |       |     6 |       ||     6
       Plate armour      |       |    98 |     7 ||   105
Dodge: Dodged            |    51 |    62 |    10 ||   123

Table legend: (Time is in decaauts)
 A = Elapsed time spent in this place.
 B = Non-inter-level travel time spent in this place.
 C = Inter-level travel time spent in this place.
 D = Time resting spent in this place.
 E = Time spent auto-exploring this place.
 F = Levels seen in this place.
 G = Mean time per level.
                   A        B        C        D        E       F      G
               +--------+--------+--------+--------+--------+-----+--------+
         Total |   4498 |   4356 |    142 |    344 |   3340 |   5 |  899.6 |
       Dungeon |   4498 |   4356 |    142 |    344 |   3340 |   5 |  899.6 |
               +--------+--------+--------+--------+--------+-----+--------+

Top non-repeatable levels by time:
     D:4: 1593 daAuts
     D:1: 1045 daAuts
     D:3: 993 daAuts
     D:2: 554 daAuts
     D:5: 312 daAuts
